Map: Abyssal Reef LE

Players

LiquidTLO (TLO)

  • Race: Zerg Zerg
  • League: Grandmaster
  • Spawn Location: 5:00

Stats - Winner!

  • Race: Protoss Protoss
  • League: Master
  • Spawn Location: 11:00

Event: HomeStory Cup XVI

VOD

Have the link to the VOD?

Description

Time

  • Played on: Nov. 10, 2017, 8:56 a.m.
  • Length: 7:57

All games in this series

Show
View Real Time Build Order
Export as new Build Order

LiquidTLO Zerg 

Build Orders: Hatch First 

Get SALT Encoding   

  12  0:00  Drone  
  13  0:12  Overlord  
  13  0:17  Drone  
  14  0:31  Drone  
  14  0:32  Drone  
  16  0:50  Hatchery  
  16  0:52  Drone  
  16  0:56  Drone  
  17  1:11  Spawning Pool  
  17  1:14  Drone  
  17  1:18  Drone  
  18  1:21  Drone  
  19  1:28  Drone  
  20  1:38  Overlord  
  20  1:42  Extractor  
  19  1:57  Drone  
  19  1:58  Queen  
  22  2:02  Queen  
  22  2:03  Zergling x4  
  26  2:11  Drone  
  26  2:14  Drone  
  28  2:27  Hatchery  
  27  2:30  Drone  
  27  2:33  Drone  
  27  2:35  Drone  
  30  2:43  Queen  
  32  2:49  Overlord  
  32  2:52  Zergling x2  
  32  2:54  Drone  
  34  3:01  Drone x2  
  36  3:06  Overlord  
  36  3:08  Metabolic Boost  
  36  3:13  Drone  
  36  3:14  Drone  
  36  3:17  Drone  
  36  3:19  Drone  
  40  3:21  Drone  
  40  3:25  Drone  
  38  3:28  Drone  
  39  3:35  Spore Crawler  
  39  3:41  Drone x3  
  39  3:45  Drone x2  
  43  3:48  Spore Crawler  
  43  3:50  Drone  
  43  3:52  Drone  
  43  3:54  Drone  
  45  3:56  Drone  
  45  3:58  Drone  
  45  4:02  Drone  
  48  4:03  Drone  
  48  4:07  Drone  
  48  4:08  Evolution Chamber, Drone  
  48  4:09  Drone  
  51  4:12  Overlord  
  51  4:17  Baneling Nest  
  51  4:19  Spore Crawler  
  51  4:20  Drone  
  50  4:29  Overlord x3  
  50  4:32  Drone  
  50  4:33  Drone  
  50  4:35  Zergling x2  
  53  4:38  Zerg Melee Weapons Level 1  
  53  4:40  Zergling x2  
  53  4:41  Zergling x2  
  53  4:43  Zergling x2  
  53  4:45  Zergling x4  
  58  4:47  Drone  
  58  4:49  Drone  
  58  4:51  Drone  
  58  4:52  Zergling x2  
  62  4:54  Zergling x2  
  62  4:56  Zergling x2  
  62  4:57  Zergling x2  
  62  4:58  Overlord  
  62  4:59  Zergling x2  
  66  5:01  Zergling x2  
  66  5:03  Zergling x2  
  66  5:04  Zergling x2  
  66  5:05  Zergling x2  
  66  5:06  Zergling x2  
  71  5:14  Baneling  
  71  5:15  Baneling  
  71  5:16  Overlord  
  71  5:17  Baneling x3  
  71  5:19  Drone x3  
  74  5:21  Drone  
  74  5:22  Drone  
  74  5:24  Drone  
  74  5:26  Drone  
  78  5:29  Drone  
  78  5:30  Drone  
  78  5:32  Drone  
  81  5:37  Overlord  
  81  5:38  Spore Crawler, Drone  
  81  5:46  Zergling x4  
  81  5:48  Queen  
  81  5:49  Drone  
  84  5:50  Drone x2  
  84  5:52  Drone  
  84  5:54  Lair  
  84  5:56  Extractor, Zergling x2  
  87  5:57  Zergling x4  
  87  6:00  Zergling x2  
  87  6:01  Zergling x2  
  87  6:02  Zergling x2  
  87  6:03  Zergling x2  
  93  6:04  Zergling x2  
  93  6:05  Zergling x2  
  93  6:08  Queen  
  93  6:10  Zergling x2  
  95  6:11  Zergling x2  
  95  6:13  Zergling x2  
  97  6:20  Zergling x2  
  97  6:24  Overlord  
  98  6:27  Extractor, Zergling x2  
  97  6:35  Overlord  
  97  6:36  Overlord  
  97  6:42  Queen, Zergling x2  
  97  6:43  Drone  
  97  6:44  Queen  
  97  6:46  Hatchery  
  97  6:47  Extractor  
  101  6:52  Zergling x8  
  101  6:53  Zergling x6  
  105  7:00  Zergling x2  
  107  7:01  Zergling x2  
  107  7:06  Baneling x3  
  107  7:08  Zergling x2  
  108  7:10  Zergling x2  
  108  7:11  Zergling x4  
  108  7:14  Baneling  
  108  7:15  Baneling  
  111  7:20  Queen  
  111  7:21  Zergling x2  
Show
View Real Time Build Order
Export as new Build Order

Stats Protoss - Winner!

Build Orders: 1 Gate Expand, Oracle Opening, Phoenix Opening 

Get SALT Encoding   

  12  0:02  Probe (Chrono Boost)  
  14  0:14  Probe (Chrono Boost)  
  14  0:20  Pylon  
  14  0:27  Probe (Chrono Boost)  
  15  0:34  Probe (Chrono Boost)  
  15  0:42  Probe (Chrono Boost)  
  16  0:45  Gateway  
  16  0:47  Assimilator  
  17  0:54  Probe (Chrono Boost)  
  18  1:06  Probe (Chrono Boost)  
  20  1:18  Probe (Chrono Boost)  
  20  1:25  Nexus  
  20  1:35  Cybernetics Core  
  21  1:40  Probe (Chrono Boost)  
  21  1:46  Assimilator  
  21  1:53  Probe (Chrono Boost)  
  22  1:56  Pylon  
  22  2:05  Adept, Probe (Chrono Boost)  
  23  2:13  Warp Gate  
  26  2:17  Probe (Chrono Boost)  
  26  2:23  Adept  
  26  2:29  Probe (Chrono Boost)  
  27  2:30  Stargate  
  27  2:35  Probe (Chrono Boost)  
  29  2:41  Probe (Chrono Boost)  
  29  2:44  Probe (Chrono Boost)  
  31  2:50  Adept  
  34  2:53  Probe (Chrono Boost)  
  34  2:56  Probe (Chrono Boost)  
  36  3:05  Probe (Chrono Boost)  
  37  3:06  Oracle  
  37  3:08  Probe (Chrono Boost)  
  38  3:14  Gateway  
  38  3:17  Probe (Chrono Boost)  
  43  3:20  Probe (Chrono Boost)  
  41  3:29  Probe (Chrono Boost)  
  41  3:32  Probe (Chrono Boost)  
  41  3:33  Phoenix  
  43  3:34  Gateway  
  43  3:36  Pylon  
  42  3:41  Probe (Chrono Boost)  
  42  3:44  Probe (Chrono Boost)  
  45  3:51  Robotics Facility  
  45  3:54  Probe (Chrono Boost)  
  47  3:56  Probe (Chrono Boost)  
  47  3:57  Assimilator  
  47  4:00  Assimilator  
  47  4:01  Oracle  
  47  4:06  Probe (Chrono Boost)  
  47  4:08  Probe (Chrono Boost)  
  52  4:11  Pylon  
  52  4:18  Pylon  
  54  4:24  Probe x2 (Chrono Boost)  
  54  4:28  Warp Prism  
  54  4:32  Adept x3  
  64  4:45  Probe (Chrono Boost)  
  64  4:46  Probe (Chrono Boost)  
  64  4:58  Sentry x3  
  64  4:59  Pylon  
  70  5:02  Pylon  
  70  5:16  Immortal  
  70  5:21  Adept x3  
  70  5:23  Pylon  
  70  5:25  Gateway  
  70  5:26  Gateway  
  70  5:28  Gateway  
  80  5:33  Gateway  
  79  5:40  Pylon  
  79  5:43  Pylon  
  79  5:48  Immortal  
  79  5:53  Sentry x3  
  90  6:12  Probe x2 (Chrono Boost)  
  90  6:17  Warp Prism  
  84  6:23  Nexus  
  84  6:27  Pylon  
  84  6:34  Adept, Sentry x4  
  84  6:35  Adept x2  
  98  6:42  Probe (Chrono Boost)  
  98  6:43  Probe (Chrono Boost)  
  101  6:54  Observer  
  101  6:56  Pylon  
  101  6:57  Nexus  
  101  7:00  Pylon  
  101  7:13  Stalker x4  
  101  7:15  Stalker x2  
  113  7:16  Stalker  
  115  7:36  Stalker  
  115  7:37  Stalker x3  
  119  7:44  Stalker x2  
  125  7:49  Pylon x2  
Tags
 
Add a new tag
Caveats
  • Supply blocks, unpowered buildings, or Contaminate may cause inaccurate times.
  • Supply counts are checked every 10 seconds.